 Dungeon Crawl Stone Soup version 0.25.1-2-g60ff931df9 (webtiles) character file.

Game seed: 3362347468328395987

326 ytrimaz the Covert (level 6, -2/30 HPs)
             Began as a Spriggan Assassin on Sept 30, 2020.
             Slain by an orc (4 damage)
             ... on level 3 of the Dungeon.
             The game lasted 00:07:10 (3733 turns).

ytrimaz the Covert (Spriggan Assassin)              Turns: 3733, Time: 00:07:11

Health: -2/30      AC: 11    Str:  8    XL:     6   Next: 24%
Magic:  10/10      EV: 19    Int: 12    God:
Gold:   61         SH:  0    Dex: 19    Spells: 9/9 levels left

rFire    x . .     SeeInvis +   j - +2 dagger (protect)
rCold    + . .     Gourm    .   (shield restricted)
rNeg     . . .     Faith    .   b - +0 robe
rPois    .         Spirit   .   (helmet restricted)
rElec    .         Reflect  .   c - +1 cloak
rCorr    .         Harm     .   (gloves unavailable)
MR       +....                  (boots unavailable)
Stlth    +++++.....             (no amulet)
HPRegen  0.10/turn              i - ring of ice
MPRegen  0.12/turn              (no ring)

@: protection aura, very quick
A: very small, unfitting armour, see invisible, herbivore, speed 3, slow
metabolism 2
a: no special abilities


You were on level 3 of the Dungeon.
You were not hungry.

You visited 1 branch of the dungeon, and saw 3 of its levels.

You collected 61 gold pieces.

Inventory:

Hand Weapons
 a - a +2 dagger
 j - a +2 dagger of protection (weapon)
Armour
 b - a +0 robe (worn)
 c - a +1 cloak (worn)
Jewellery
 i - a ring of ice (left hand)
Scrolls
 g - a scroll of amnesia
 h - a scroll of remove curse
Comestibles
 f - 3 rations


   Skills:
 - Level 1.5 Fighting
 - Level 2.1 Short Blades
 - Level 2.0 Throwing
 * Level 3.8 Dodging
 * Level 10.3 Stealth
 * Level 2.1 Spellcasting


You had 9 spell levels left.
You didn't know any spells.
Your spell library was empty.

Dungeon Overview and Level Annotations

Branches:
Dungeon (3/15)

Altars:
Nemelex Xobeh


Innate Abilities, Weirdness & Mutations

You are very small and have problems with some larger weapons.
You are too small for most types of armour.
You have supernaturally acute eyesight. (SInv)
You are a herbivore.
You cover ground extremely quickly.
You need to consume almost no food.


Message History

The orc misses you.
The orc priest miscasts a cantrip.
You barely miss the orc priest.
The orc priest is heavily wounded.
The orc priest barely misses you. The orc hits you.
* * * LOW HITPOINT WARNING * * *
Unknown command.
You hit the orc priest but do no damage.
The orc priest is heavily wounded.
The orc misses you. The orc priest barely misses you.
You hit the orc priest.
The orc priest is severely wounded.
The orc barely misses you. The orc priest misses you.
You hit the orc priest.
The orc priest is almost dead.
The orc misses you.
You hit the orc priest but do no damage.
The orc priest is almost dead.
The orc priest completely misses you. The orc hits you.
You die...

......o....().(#
#.#####o###.####
### #....# #....#
###..# #####
♣♣####).# #)..#♣♣
♣♣....#(.#
#)..+.♣♣♣♣PP..((..#
#...#♣..♣@o)(....<#
#####♣♣♣.♣o.).#...#
♣♣♣♣♣##..#.#
#...... ##.#.###
....# #.#.# .#.# #


You could see an orc priest and an orc.

Vanquished Creatures
  Sigmund (D:2)
  Crazy Yiuf (D:3)
  An orc wizard (D:3)
  An ooze (D:2)
  An adder skeleton (D:2)
  A worm (D:2)
  3 dart slugs
  2 leopard geckos (D:1)
  15 orcs (D:3)
  8 bats
  2 giant cockroaches (D:1)
  6 hobgoblins
  A quokka (D:2)
  6 frilled lizards
  8 goblins
  5 kobolds
  3 rats (D:1)
65 creatures vanquished.

Notes
Turn   | Place    | Note
-------+----------+-------------------------------------------
     0 | D:1      | ytrimaz the Spriggan Assassin began the quest for the Orb.
     0 | D:1      | Reached XP level 1. HP: 10/10 MP: 2/2
   150 | D:1      | Reached skill level 6 in Stealth
   652 | D:1      | Reached XP level 2. HP: 14/14 MP: 3/3
   761 | D:1      | Reached skill level 7 in Stealth
   836 | D:1      | Reached XP level 3. HP: 9/18 MP: 5/5
  1112 | D:1      | Reached skill level 1 in Spellcasting
  1709 | D:2      | Found a sparkling altar of Nemelex Xobeh.
  2025 | D:2      | Noticed Sigmund
  2044 | D:2      | Killed Sigmund
  2044 | D:2      | Reached skill level 9 in Stealth
  2044 | D:2      | Reached XP level 4. HP: 17/22 MP: 5/7
  2044 | D:2      | Reached XP level 5. HP: 19/25 MP: 5/8
  2825 | D:3      | Reached skill level 10 in Stealth
  3130 | D:3      | Reached XP level 6. HP: 6/30 MP: 10/10
  3680 | D:3      | Found a runed translucent door.
  3681 | D:3      | Noticed Crazy Yiuf
  3688 | D:3      | Killed Crazy Yiuf
  3729 | D:3      | HP: 1/30 [orc (3)]
  3733 | D:3      | Slain by an orc

Illustrated notes

Levels and vault maps discovered:
D:1:      sevenhm_arrival_forest_fort_small_3, layout_loops_ring, minmay_unequal
D:2:      layout_basic, overflow_temple_1_default, uniq_sigmund
D:3:      minmay_goblin_kobold_castle, layout_loops_ring,
          grunt_temple_overflow_open, first_ration, uniq_crazy_yiuf_cottage

Skill      XL: |  1  2  3  4  5 |
---------------+----------------+-----
Stealth        | 6 7 9 10 | 10.3
Dodging        | 2 3 |  3.8
Spellcasting   | 1 2 |  2.1
Fighting       | |  1.5
Short Blades   | |  2.1
Throwing       | |  2.0

Action                   |  1- 3 |  4- 6 || total
-------------------------+-------+-------++-------
Melee: Dagger            |    91 |   241 ||   332
Throw: Dart              |    18 |    14 ||    32
  Use: Scroll            |     2 |     6 ||     8
 Stab: Sleeping          |    16 |     3 ||    19
  Eat: Ration            |       |     1 ||     1
Armor: Robe              |     9 |    32 ||    41
Dodge: Dodged            |    66 |   169 ||   235
